 Dungeon Crawl Stone Soup version 0.21.1-1-g345015f (webtiles) character file.

118 shakethe the Ruffian (level 4, -2/44 HPs)
             Began as a Troll Monk on Feb 9, 2018.
             Slain by a hobgoblin
             ... wielding a +0 club
             ... led by Robin
              (3 damage)
             ... on level 3 of the Dungeon.
             The game lasted 00:03:15 (1503 turns).

shakethe the Ruffian (Troll Monk)                   Turns: 1503, Time: 00:03:16

Health: -2/44      AC:  5    Str: 19    XL:     4   Next: 72%
Magic:  3/3        EV:  8    Int:  6    God:
Gold:   89         SH:  7    Dex: 13    Spells: 3/3 levels left

rFire    . . .     SeeInvis .     - Unarmed
rCold    . . .     Gourm    +   g - +0 shield
rNeg     . . .     Faith    .   a - +0 robe
rPois    .         Spirit   .   (helmet restricted)
rElec    .         Reflect  .   (no cloak)
rCorr    .         Harm     .   (gloves unavailable)
MR       .....                  (boots unavailable)
Stlth    ++........             (no amulet)
HPRegen  0.54/turn              c - ring of flight {+Fly, !d}
MPRegen  0.08/turn              (no ring)

@: no status effects
A: large, unfitting armour, claws 3, fast metabolism 3, gourmand, regeneration
1, shaggy fur 1, tough skin 2
a: Evoke Flight


You were on level 3 of the Dungeon.
You were full.

You visited 1 branch of the dungeon, and saw 3 of its levels.

You collected 89 gold pieces.

Inventory:

Armour
 a - a +0 robe (worn)
 g - a +0 shield (worn)
   (You found it on level 2 of the Dungeon)
Jewellery
 c - a ring of flight (left claw) {+Fly, !d}
   (You found it on level 1 of the Dungeon)
Scrolls
 f - a scroll of identify {unknown}
 h - a scroll of teleportation {unknown}
Potions
 d - a potion of lignification {unknown}
 e - a potion of curing {unknown}
 i - a potion of agility {unknown}
 j - a potion of haste {unknown}
Comestibles
 b - 4 rations


   Skills:
 - Level 2.4 Fighting
 + Level 3.6 Dodging
 - Level 1.0 Stealth
 * Level 0.3 Shields
 * Level 4.4 Unarmed Combat


You had 3 spell levels left.
You didn't know any spells.

Dungeon Overview and Level Annotations

Branches:
Dungeon (3/15)

Altars:

Annotations:
D:3 Robin


Innate Abilities, Weirdness & Mutations

You are too large for most types of armour.
You have claws for hands.
Your metabolism is lightning-fast.
You like to eat raw meat.
Your natural rate of healing is unusually fast.
You are covered in fur. (AC +1)
You have very tough skin. (AC +2)


Message History

The hobgoblin shouts!
The goblin hits you with a club.
Robin roars a battlecry!
The goblins go into a battle-frenzy!
A goblin comes into view. It is wielding a dagger.
The goblin shouts!
You hear a shout! x2
You barely miss the goblin.
The goblin shouts!
The goblin moves out of view.
The goblin barely misses you.
You hear a shout! 2 goblins come into view.
You take 2 damage, and have 42/44 hp.
You claw the goblin!
You kill the goblin!
Robin roars a battlecry!
The goblin moves out of view.
The hobgoblin hits you with a club.
You hear a shout!
A hobgoblin comes into view. It is wielding a club.
You claw the hobgoblin!
You kill the hobgoblin!
Robin throws the goblin at you!
The dart slug falls off the door.
A hobgoblin opens the door.
A goblin comes into view. It is wielding a dagger.
Your shield prevents you from hitting the goblin.
The goblin hits you with a dagger.
The goblin moves out of view.
The goblin closely misses you.
A goblin and a hobgoblin come into view.
Your shield prevents you from hitting the goblin.
The hobgoblin moves out of view.
The goblin hits you but does no damage.
You claw the goblin!
You kill the goblin!
Robin hits you but does no damage.
The goblin moves out of view.
Robin hits you but does no damage. The dart slug barely misses you.
Robin hits you with a spear.
A hobgoblin comes into view.
Things that are here:
a club; a goblin corpse You closely miss Robin.
You barely miss Robin. Robin throws the goblin at you!
You block the dart slug's attack. The hobgoblin hits you with a club. x2
The goblin hits you.
You claw Robin! Robin throws the goblin at you!
The goblin hits you with a club. The hobgoblin misses you.
The dart slug barely misses you. You block the goblin's attack.
You barely miss Robin. The hobgoblin hits you with a club.
The goblin hits you but does no damage.
You are too injured to fight recklessly!
You are too injured to fight recklessly!
You are too injured to fight recklessly!
You are too injured to fight recklessly!
You are too injured to fight recklessly!
You are too injured to fight recklessly!
You are too injured to fight recklessly!
You are too injured to fight recklessly!
You are too injured to fight recklessly!
You are too injured to fight recklessly!
Unknown command.
You take 17 damage, and have 25/44 hp.
MASSIVE DAMAGE!!
You barely miss the goblin.
The hobgoblin no longer looks unusually strong.
The hobgoblin hits you with a club. The goblin closely misses you.
The hobgoblin barely misses you. The goblin hits you with a club!
* * * LOW HITPOINT WARNING * * *
The dart slug barely misses you. You block the goblin's attack.
You take 14 damage, and have 11/44 hp.
MASSIVE DAMAGE!!
You scratch the goblin.
You kill the goblin!
The goblin no longer looks unusually strong.
Robin roars a battlecry!
The goblins go into a battle-frenzy!
The hobgoblin closely misses you. You block the hobgoblin's attack.
The dart slug barely misses you. The goblin hits you but does no damage.
The goblin no longer looks unusually strong.
Robin closely misses you.
The hobgoblin hits you but does no damage.
The goblin hits you.
* * * LOW HITPOINT WARNING * * *
You see here a club.
You take 2 damage, and have 10/44 hp.
The goblin no longer looks unusually strong.
Robin throws the goblin at you! You block the goblin's attack.
Things that are here:
a dagger; a scroll labeled COTROI DURI; a goblin corpse You scratch the goblin.
You kill the goblin!
The hobgoblin no longer looks unusually strong.
The goblin no longer looks unusually strong.
Robin throws the goblin at you!
* * * LOW HITPOINT WARNING * * *
The hobgoblin hits you but does no damage.
You block the goblin's attack. The goblin hits you.
* * * LOW HITPOINT WARNING * * *
Robin throws the goblin at you!
* * * LOW HITPOINT WARNING * * *
You take 9 damage, and have 1/44 hp.
MASSIVE DAMAGE!!
You barely miss the goblin. The hobgoblin hits you with a club.
You die...

..... ..
####
#...###.
.$..
+...'..
.###
##...#.#
.+ ...g..#
.# #..g#
.# #gw)#
.# #gg##
..# #g@#
./# #gg#
..# ##.#
### #.#
#.##
######..#
#.......#
#.##..$.##
#.....#


You could see Robin, a dart slug, 4 hobgoblins and 3 goblins.

Vanquished Creatures
  An iguana (D:2)
  4 adders (D:2)
  3 worms (D:2)
  A dart slug (D:3)
  2 leopard geckos (D:2)
  6 bats
  6 giant cockroaches
  8 goblins
  3 hobgoblins
  4 kobolds
  A quokka (D:2)
  4 frilled lizards
  6 rats
49 creatures vanquished.

Notes
Turn   | Place    | Note
-------+----------+-------------------------------------------
     0 | D:1      | shakethe the Troll Monk began the quest for the Orb.
     0 | D:1      | Reached XP level 1. HP: 22/22 MP: 0/0
   359 | D:1      | Reached XP level 2. HP: 29/29 MP: 1/1
   733 | D:2      | Reached skill level 3 in Dodging
   754 | D:2      | Reached XP level 3. HP: 36/36 MP: 2/2
   886 | D:2      | Reached skill level 4 in Unarmed Combat
   886 | D:2      | Reached XP level 4. HP: 36/44 MP: 3/3
  1485 | D:3      | Noticed Robin
  1498 | D:3      | HP: 11/44 [goblin/club[Robin] (8)]
  1502 | D:3      | HP: 4/44 [goblin[Robin] (4)]
  1502 | D:3      | HP: 1/44 [Robin/goblin (3)]
  1503 | D:3      | Slain by a hobgoblin

Skill      XL: |  1  2  3 |
---------------+----------+-----
Dodging        | 3 |  3.6
Unarmed Combat | 4 |  4.4
Fighting       | |  2.4
Stealth        | |  1.0
Shields        | |  0.3

Action                   |  1- 3 |  4- 6 || total
-------------------------+-------+-------++-------
Melee: Unarmed           |    75 |    37 ||   112
       Punch             |     2 |       ||     2
 Stab: Sleeping          |     3 |     1 ||     4
  Eat: Chunk             |     7 |     8 ||    15
Armor: Robe              |    20 |    14 ||    34
Dodge: Dodged            |    47 |    15 ||    62
Block: Shield            |       |     8 ||     8

Vault maps used:
D:1:      dpeg_arrival_round_c, fountainhead, minmay_cupped
D:2:      first_ration, serial_aquarium, aquarium_bridge_square,
          aquarium_window_fake, aquarium_window_1, aquarium_window_3,
          aquarium_window_1, aquarium_view_2e, aquarium_view_2d,
          kennysheep_cross_bottleneck
D:3:      kennysheep_ying_yang, uniq_robin

Table legend:
 A = Turns spent in this place as a percentage of turns spent in the entire game.
 B = Non-inter-level travel turns spent in this place as a percentage of non-inter-level travel turns spent in the entire game.
 C = Inter-level travel turns spent in this place as a percentage of turns spent in this place.
 D = Turns resting spent in this place as a percentage of non-inter-level travel turns spent in this place.
 E = Turns spent auto-exploring this place as a percentage of non-inter-level travel turns spent in this place.
 F = Non-inter-level travel turns spent in this place divided by the number of levels of this place that you've seen.
                   A       B       C       D       E      F
               +-------+-------+-------+-------+-------+----------------------
         Total | 100.0 | 100.0 |   0.0 |   0.0 |  72.9 | 501.0
       Dungeon | 100.0 | 100.0 |   0.0 |   0.0 |  72.9 | 501.0
               +-------+-------+-------+-------+-------+----------------------

Table legend:
 A = Kills in this place as a percentage of kills in entire the game.
 B = Kills by you in this place as a percentage of kills by you in the entire game.
 C = Kills by friends in this place as a percentage of kills by friends in the entire game.
 D = Other kills in this place as a percentage of other kills in the entire game.
 E = Experience gained in this place as a percentage of experience gained in the entire game.
 F = Experience gained in this place divided by the number of levels of this place that you have seen.
                   A       B       C       D       E      F
               +-------+-------+-------+-------+-------+----------------------
         Total | 100.0 | 100.0 |   N/A |   N/A | 100.0 |  56.3
       Dungeon | 100.0 | 100.0 |   N/A |   N/A | 100.0 |  56.3
               +-------+-------+-------+-------+-------+----------------------
